TOP OF THE 1ST |
Canton Indians batting - Pitching for London Majors : RHP John Trask
|
Pitching: RHP John Trask
|
|
Batting: RHB Willie Toral
|
0-0: Foul Ball, location: 2F 0-1: Called Strike 0-2: Ball 1-2: Strikes out swinging
|
Batting: RHB Oscar Hernandez
|
0-0: Called Strike 0-1: Swinging Strike 0-2: Ground out 6-3 (Groundball, 6, EV 84.4 MPH)
|
Batting: SHB Bob Ledlow
|
0-0: Ball 1-0: SOLO HOME RUN (Flyball, 8RXD, EV 114.4 MPH), Distance : 465 ft
|
Batting: RHB Manuel de los Santos
|
0-0: Ball 1-0: Called Strike 1-1: Ball 2-1: Swinging Strike 2-2: Ball 3-2: Strikes out swinging
|
Top of the 1st over - 1 run, 1 hit, 0 errors, 0 left on base; Canton 1 - London 0 |
BOTTOM OF THE 1ST |
London Majors batting - Pitching for Canton Indians : RHP Ian McLeod
|
Pitching: RHP Ian McLeod
|
|
Batting: SHB Willie de Gracia
|
0-0: Ground out 4-3 (Groundball, 4, EV 83.1 MPH)
|
Batting: RHB Tom Bergman
|
0-0: Ball 1-0: Ball 2-0: Fly out, F9 (Flyball, 89M, EV 90.6 MPH)
|
Batting: RHB King Pinsent
|
0-0: Ground out U3 (Groundball, 34, EV 81.2 MPH)
|
Bottom of the 1st over - 0 runs, 0 hits, 0 errors, 0 left on base; Canton 1 - London 0 |
TOP OF THE 2ND |
Canton Indians batting - Pitching for London Majors : RHP John Trask
|
Batting: RHB David Haas
|
0-0: Foul Ball, location: 2F 0-1: Ball 1-1: Foul Ball, location: 2F 1-2: Strikes out swinging
|
Batting: RHB Ryan Paquette
|
0-0: Ground out 1-3 (Groundball, 15S, EV 57.5 MPH)
|
Batting: RHB Jonathan Johnstad
|
0-0: Ball 1-0: Swinging Strike 1-1: Called Strike 1-2: Strikes out swinging
|
Top of the 2nd over - 0 runs, 0 hits, 0 errors, 0 left on base; Canton 1 - London 0 |
BOTTOM OF THE 2ND |
London Majors batting - Pitching for Canton Indians : RHP Ian McLeod
|
Batting: LHB Salvador Ramos
|
0-0: Swinging Strike 0-1: Swinging Strike 0-2: Ground out 4-3 (Groundball, 4S, EV 83.1 MPH)
|
Batting: LHB Bill Hall
|
0-0: Ground out 4-3 (Groundball, 34, EV 84.4 MPH)
|
Batting: SHB Miguel Sano Jr.
|
0-0: Reached on error, E4 (Groundball, 4S, EV 81.9 MPH)
|
Batting: RHB Hanley Hernandez
|
0-0: Ball 1-0: Called Strike 1-1: Called Strike 1-2: Ball 2-2: Strikes out swinging
|
Bottom of the 2nd over - 0 runs, 0 hits, 1 error, 1 left on base; Canton 1 - London 0 |
TOP OF THE 3RD |
Canton Indians batting - Pitching for London Majors : RHP John Trask
|
Batting: RHB Giuliano Giacoletti Jr.
|
0-0: Ball 1-0: Fly out, F8 (Flyball, 8LM, EV 75.0 MPH)
|
Batting: SHB Jose Abreu
|
0-0: Called Strike 0-1: Ball 1-1: Ball 2-1: Called Strike 2-2: Strikes out swinging
|
Batting: RHB Willie Toral
|
0-0: Called Strike 0-1: Foul Ball, location: 2F 0-2: Strikes out swinging
|
Top of the 3rd over - 0 runs, 0 hits, 0 errors, 0 left on base; Canton 1 - London 0 |
BOTTOM OF THE 3RD |
London Majors batting - Pitching for Canton Indians : RHP Ian McLeod
|
Batting: SHB John Webb
|
0-0: SINGLE (Groundball, 4MD, EV 95.6 MPH)
|
Batting: RHB Jerry Perez
|
0-0: Called Strike 0-1: Foul Ball, location: 2F 0-2: Ball 1-2: Foul Ball, location: 2F 1-2: Strikes out swinging
|
Batting: SHB Willie de Gracia
|
0-0: Swinging Strike 0-1: Grounds into double play, 6-4-3 (Groundball, 6, EV 93.1 MPH)
|
Bottom of the 3rd over - 0 runs, 1 hit, 0 errors, 0 left on base; Canton 1 - London 0 |
TOP OF THE 4TH |
Canton Indians batting - Pitching for London Majors : RHP John Trask
|
Batting: RHB Oscar Hernandez
|
0-0: SOLO HOME RUN (Flyball, 78XD, EV 108.1 MPH), Distance : 424 ft
|
Batting: SHB Bob Ledlow
|
0-0: Swinging Strike 0-1: Swinging Strike 0-2: Strikes out swinging
|
Batting: RHB Manuel de los Santos
|
0-0: Ground out U3 (Groundball, 3L, EV 86.2 MPH)
|
Batting: RHB David Haas
|
0-0: Ball 1-0: Ball 2-0: Ball 3-0: Called Strike 3-1: DOUBLE (Flyball, 8RXD, EV 88.8 MPH)
|
Batting: RHB Ryan Paquette
|
0-0: Foul Ball, location: 2F 0-1: Swinging Strike 0-2: Foul Ball, location: 2F 0-2: Strikes out swinging
|
Top of the 4th over - 1 run, 2 hits, 0 errors, 1 left on base; Canton 2 - London 0 |
BOTTOM OF THE 4TH |
London Majors batting - Pitching for Canton Indians : RHP Ian McLeod
|
Batting: RHB Tom Bergman
|
0-0: Ball 1-0: Ball 2-0: Fly out, F8 (Flyball, 8RD, EV 103.1 MPH)
|
Batting: RHB King Pinsent
|
0-0: Foul Ball, location: 2F 0-1: Ball 1-1: Ball 2-1: Foul Ball, location: 2F 2-2: SINGLE (Groundball, 56D, EV 103.1 MPH)
|
Batting: LHB Salvador Ramos
|
0-0: Called Strike 0-1: Fly out, F9 (Flyball, 9S, EV 87.5 MPH)
|
Batting: LHB Bill Hall
|
0-0: Ball 1-0: SINGLE (Groundball, 3, EV 93.8 MPH) King Pinsent to second Runner from 2nd tries for 3rd, OUT! 9-5
|
Bottom of the 4th over - 0 runs, 2 hits, 0 errors, 1 left on base; Canton 2 - London 0 |
TOP OF THE 5TH |
Canton Indians batting - Pitching for London Majors : RHP John Trask
|
Batting: RHB Jonathan Johnstad
|
0-0: SINGLE (Line Drive, 89M, EV 96.9 MPH)
|
Batting: RHB Giuliano Giacoletti Jr.
|
0-0: SINGLE (Groundball, 56D, EV 99.4 MPH) Jonathan Johnstad to second
|
Batting: SHB Jose Abreu
|
0-0: Ball 1-0: Ball 2-0: Ball 3-0: Called Strike 3-1: Foul Ball, location: 2F 3-2: Strikes out looking
|
Batting: RHB Willie Toral
|
0-0: Called Strike 0-1: Ball 1-1: Foul Ball, location: 2F 1-2: Strikes out swinging
|
Batting: RHB Oscar Hernandez
|
0-0: Fly out, F8 (Flyball, 8LD, EV 96.9 MPH)
|
Top of the 5th over - 0 runs, 2 hits, 0 errors, 2 left on base; Canton 2 - London 0 |
BOTTOM OF THE 5TH |
London Majors batting - Pitching for Canton Indians : RHP Ian McLeod
|
Batting: SHB Miguel Sano Jr.
|
0-0: Ball 1-0: Ball 2-0: Called Strike 2-1: Foul Ball, location: 2F 2-2: Ball 3-2: Strikes out looking
|
Batting: RHB Hanley Hernandez
|
0-0: Ball 1-0: Called Strike 1-1: Ball 2-1: Ball 3-1: Ground out 6-3 (Groundball, 6MS, EV 84.4 MPH)
|
Batting: SHB John Webb
|
0-0: Called Strike 0-1: Foul Ball, location: 2F 0-2: Foul Ball, location: 2F 0-2: Foul Ball, location: 2F 0-2: Strikes out swinging
|
Bottom of the 5th over - 0 runs, 0 hits, 0 errors, 0 left on base; Canton 2 - London 0 |
TOP OF THE 6TH |
Canton Indians batting - Pitching for London Majors : RHP John Trask
|
Batting: SHB Bob Ledlow
|
0-0: Called Strike 0-1: Fly out, F9 (Flyball, 9D, EV 105.0 MPH)
|
Batting: RHB Manuel de los Santos
|
0-0: Called Strike 0-1: Ball 1-1: Called Strike 1-2: Fly out, F9 (Flyball, 9S, EV 83.8 MPH)
|
Batting: RHB David Haas
|
0-0: Ball 1-0: Ball 2-0: Called Strike 2-1: Ball 3-1: Base on Balls
|
Batting: RHB Ryan Paquette
|
0-0: Ball 1-0: Called Strike 1-1: Ball 2-1: Swinging Strike 2-2: Ball 3-2: Fly out, F9 (Flyball, 9LS, EV 89.4 MPH)
|
Top of the 6th over - 0 runs, 0 hits, 0 errors, 1 left on base; Canton 2 - London 0 |
BOTTOM OF THE 6TH |
London Majors batting - Pitching for Canton Indians : RHP Ian McLeod
|
Batting: RHB Jerry Perez
|
0-0: Ball 1-0: Called Strike 1-1: Foul Ball, location: 2F 1-2: Strikes out swinging
|
Batting: SHB Willie de Gracia
|
0-0: Ball 1-0: Ball 2-0: Foul Ball, location: 2F 2-1: Called Strike 2-2: Ball 3-2: Fly out, F9 (Flyball, 9, EV 73.8 MPH)
|
Batting: RHB Tom Bergman
|
0-0: Foul Ball, location: 2F 0-1: Fly out, F9 (Flyball, 89D, EV 101.2 MPH)
|
Bottom of the 6th over - 0 runs, 0 hits, 0 errors, 0 left on base; Canton 2 - London 0 |
TOP OF THE 7TH |
Canton Indians batting - Pitching for London Majors : RHP John Trask
|
Batting: RHB Jonathan Johnstad
|
0-0: Ball 1-0: Ball 2-0: Called Strike 2-1: Ball 3-1: Base on Balls
|
Pitching: LHP William Capuano
|
|
Batting: RHB Giuliano Giacoletti Jr.
|
0-0: Ball 1-0: Ball 2-0: Swinging Strike 2-1: SINGLE (Line Drive, 4D, EV 99.4 MPH) Jonathan Johnstad to second
|
Batting: SHB Jose Abreu
|
0-0: DOUBLE (Groundball, 5D, EV 106.2 MPH) Jonathan Johnstad scores Giuliano Giacoletti Jr. to third
|
Batting: RHB Willie Toral
|
0-0: Intentional Walk
|
Batting: RHB Oscar Hernandez
|
0-0: Ball 1-0: Ball 2-0: Called Strike 2-1: Ball 3-1: Called Strike 3-2: Strikes out looking
|
Batting: SHB Bob Ledlow
|
0-0: Ball 1-0: Ball 2-0: Called Strike 2-1: Foul Ball, location: 2F 2-2: Foul Ball, location: 2F 2-2: Ball 3-2: Strikes out swinging
|
Batting: RHB Manuel de los Santos
|
0-0: Called Strike 0-1: Foul Ball, location: 2F 0-2: Ball 1-2: Foul Ball, location: 2F 1-2: Ball 2-2: Strikes out swinging
|
Top of the 7th over - 1 run, 2 hits, 0 errors, 3 left on base; Canton 3 - London 0 |
BOTTOM OF THE 7TH |
London Majors batting - Pitching for Canton Indians : RHP Ian McLeod
|
Batting: RHB King Pinsent
|
0-0: Called Strike 0-1: Ball 1-1: Swinging Strike 1-2: Ball 2-2: Strikes out swinging
|
Batting: LHB Salvador Ramos
|
0-0: Ball 1-0: Foul Ball, location: 2F 1-1: Swinging Strike 1-2: Ground out 5-3 (Groundball, 25, EV 85.0 MPH)
|
Batting: LHB Bill Hall
|
0-0: Ball 1-0: Ball 2-0: SOLO HOME RUN (Flyball, 7LD, EV 95.0 MPH), Distance : 381 ft
|
Batting: SHB Miguel Sano Jr.
|
0-0: Called Strike 0-1: Called Strike 0-2: Strikes out swinging, 2-3 out at first.
|
Bottom of the 7th over - 1 run, 1 hit, 0 errors, 0 left on base; Canton 3 - London 1 |
TOP OF THE 8TH |
Canton Indians batting - Pitching for London Majors : LHP William Capuano
|
Batting: RHB David Haas
|
0-0: Foul Ball, location: 2F 0-1: Called Strike 0-2: Foul Ball, location: 2F 0-2: Strikes out swinging
|
Batting: RHB Ryan Paquette
|
0-0: Ball 1-0: Fly out, F2 (Popup, 23F, EV 88.8 MPH)
|
Batting: RHB Jonathan Johnstad
|
0-0: Foul Ball, location: 2F 0-1: Foul Ball, location: 2F 0-2: Ball 1-2: Strikes out swinging, 2-3 out at first.
|
Top of the 8th over - 0 runs, 0 hits, 0 errors, 0 left on base; Canton 3 - London 1 |
BOTTOM OF THE 8TH |
London Majors batting - Pitching for Canton Indians : RHP Ian McLeod
|
Batting: RHB Hanley Hernandez
|
0-0: Ball 1-0: SINGLE (Line Drive, 7S, EV 96.2 MPH)
|
Pitching: RHP Steve Child
|
|
Batting: SHB John Webb
|
0-0: Ball 1-0: Called Strike 1-1: SINGLE (Line Drive, 89S, EV 107.5 MPH) Hanley Hernandez to second
|
Pinch Hitting: LHB Danny Hamilton
|
0-0: Called Strike 0-1: Called Strike 0-2: Strikes out swinging
|
Pinch Hitting: RHB Adler Cananis
|
0-0: Ball 1-0: Ball 2-0: Swinging Strike 2-1: Ball 3-1: Base on Balls Hanley Hernandez to third John Webb to second
|
Batting: RHB Tom Bergman
|
0-0: Foul Ball, location: 2F 0-1: DOUBLE (Line Drive, 78XD, EV 108.8 MPH) Hanley Hernandez scores John Webb scores Adler Cananis to third
|
Batting: RHB King Pinsent
|
0-0: Intentional Walk
|
Batting: LHB Salvador Ramos
|
0-0: Swinging Strike 0-1: Ball 1-1: Ball 2-1: Foul Ball, location: 2F 2-2: Grounds into fielders choice 4-2 (Groundball, 13, EV 88.1 MPH) Tom Bergman to third King Pinsent to second
|
Batting: LHB Bill Hall
|
0-0: Called Strike 0-1: Fielders Choice at 2nd, 5-4 (Groundball, 56, EV 96.2 MPH)
|
Bottom of the 8th over - 2 runs, 3 hits, 0 errors, 3 left on base; Canton 3 - London 3 |
TOP OF THE 9TH |
Canton Indians batting - Pitching for London Majors : LHP William Capuano
|
Pitching: RHP Josh Nelson
|
|
Now at C: Adler Cananis
|
|
Now at 2B: Danny Hamilton
|
|
Pinch Hitting: LHB Julio Zamora
|
0-0: Ball 1-0: Ball 2-0: Foul Ball, location: 2F 2-1: Ground out 4-3 (Groundball, 4, EV 86.9 MPH)
|
Batting: SHB Jose Abreu
|
0-0: Ball 1-0: Swinging Strike 1-1: DOUBLE (Line Drive, 8LD, EV 105.6 MPH)
|
Pinch Hitting: LHB Mike Humfleet
|
0-0: Intentional Walk
|
Pinch Hitting: SHB Brad Larabel
|
0-0: Ball 1-0: Called Strike 1-1: Called Strike 1-2: Foul Ball, location: 2F 1-2: Ball 2-2: Foul Ball, location: 2F 2-2: Ball 3-2: Fly out, F9 (Flyball, 89S, EV 73.8 MPH)
|
Batting: SHB Bob Ledlow
|
0-0: Ball 1-0: Ball 2-0: Foul Ball, location: 2F 2-1: Ball 3-1: Fly out, F9 (Flyball, 89M, EV 85.0 MPH)
|
Top of the 9th over - 0 runs, 1 hit, 0 errors, 2 left on base; Canton 3 - London 3 |
BOTTOM OF THE 9TH |
London Majors batting - Pitching for Canton Indians : RHP Steve Child
|
Now at 2B: Brad Larabel
|
|
Now at SS: Josh Carini
|
|
Now in RF: Mike Humfleet
|
|
Batting: SHB Miguel Sano Jr.
|
0-0: Foul Ball, location: 2F 0-1: Called Strike 0-2: Ball 1-2: Strikes out swinging
|
Batting: RHB Hanley Hernandez
|
0-0: Ball 1-0: Fly out, F8 (Flyball, 8LD, EV 94.4 MPH)
|
Batting: SHB John Webb
|
0-0: Foul Ball, location: 2F 0-1: Ball 1-1: Foul Ball, location: 2F 1-2: Strikes out swinging
|
Bottom of the 9th over - 0 runs, 0 hits, 0 errors, 0 left on base; Canton 3 - London 3 |
TOP OF THE 10TH |
Canton Indians batting - Pitching for London Majors : RHP Josh Nelson
|
Pinch Hitting: RHB Jose Lebron
|
0-0: Foul Ball, location: 2F 0-1: Foul Ball, location: 2F 0-2: Ball 1-2: Ball 2-2: Strikes out swinging
|
Pinch Hitting: RHB Joe Bauer
|
0-0: Foul Ball, location: 2F 0-1: Called Strike 0-2: Ball 1-2: Strikes out swinging
|
Batting: RHB Ryan Paquette
|
0-0: Ball 1-0: Foul Ball, location: 2F 1-1: Ball 2-1: Ground out 1-3 (Groundball, 23, EV 67.5 MPH)
|
Top of the 10th over - 0 runs, 0 hits, 0 errors, 0 left on base; Canton 3 - London 3 |
BOTTOM OF THE 10TH |
London Majors batting - Pitching for Canton Indians : RHP Steve Child
|
Pitching: RHP Abdul-Wadud Mazin
|
|
Now at 1B: Joe Bauer
|
|
Now at 3B: Mark Harris
|
|
Batting: LHB Danny Hamilton
|
0-0: Ball 1-0: Fly out, F9 (Flyball, 9LS, EV 96.9 MPH)
|
Batting: RHB Adler Cananis
|
0-0: Called Strike 0-1: Ball 1-1: Swinging Strike 1-2: Ball 2-2: Strikes out swinging
|
Batting: RHB Tom Bergman
|
0-0: Ball 1-0: Called Strike 1-1: Fly out, F2 (Popup, 23F, EV 81.2 MPH)
|
Bottom of the 10th over - 0 runs, 0 hits, 0 errors, 0 left on base; Canton 3 - London 3 |
TOP OF THE 11TH |
Canton Indians batting - Pitching for London Majors : RHP Josh Nelson
|
Pitching: LHP Kenny Russell
|
|
Batting: RHB Jonathan Johnstad
|
0-0: Ball 1-0: Called Strike 1-1: Ball 2-1: Hit by Pitch
|
Batting: RHB Josh Carini
|
0-0: Bunted foul 0-1: Sac Bunt to 25 - play at first, batter OUT! 5-3 Jonathan Johnstad to second
|
Batting: SHB Jose Abreu
|
0-0: Called Strike 0-1: Ball 1-1: Foul Ball, location: 2F 1-2: Strikes out swinging
|
Pinch Hitting: LHB Dorian Oram
|
0-0: Intentional Walk
|
Batting: SHB Brad Larabel
|
0-0: Ball 1-0: Ball 2-0: Called Strike 2-1: SINGLE (Groundball, 6MD, EV 94.4 MPH) Jonathan Johnstad to third Dorian Oram to second
|
Batting: SHB Bob Ledlow
|
0-0: Foul Ball, location: 2F 0-1: Foul Ball, location: 2F 0-2: Strikes out swinging
|
Top of the 11th over - 0 runs, 1 hit, 0 errors, 3 left on base; Canton 3 - London 3 |
BOTTOM OF THE 11TH |
London Majors batting - Pitching for Canton Indians : RHP Abdul-Wadud Mazin
|
Now in RF: Tom Auld
|
|
Batting: RHB King Pinsent
|
0-0: SOLO HOME RUN (Flyball, 7D, EV 98.1 MPH), Distance : 382 ft
|
Bottom of the 11th over - 1 run, 1 hit, 0 errors, 0 left on base; Canton 3 - London 4 |
|